 Dungeon Crawl Stone Soup version 0.27-a0-684-g359e429f13 (webtiles) character file.

Game seed: 4534925220376039498

30 PentaManta the Ruffian (level 3, -3/31 HPs)
             Began as a Ghoul Abyssal Knight on Mar 20, 2021.
             Was a Follower of Lugonu.
             Slain by Terence
             ... wielding a +0 flail
              (6 damage)
             ... on level 2 of the Dungeon.
             The game lasted 00:02:28 (1094 turns).

PentaManta the Ruffian (Ghoul Abyssal Knight)       Turns: 1094, Time: 00:02:28

Health: -3/31      AC:  6    Str: 16    XL:     3   Next: 20%
Magic:  3/3        EV:  9    Int:  7    God:    Lugonu [*.....]
Gold:   23         SH:  0    Dex:  8    Spells: 2/2 levels left

rFire    . . .     SeeInvis .     - Unarmed
rCold    + . .     Faith    .   (no shield)
rNeg     + + +     Spirit   .   e - +0 scale mail
rPois    ∞         Reflect  .   (no helmet)
rElec    .         Harm     .   (no cloak)
rCorr    .         Rampage  .   (no gloves)
Will     .....                  (no boots)
Stlth    ..........             (no amulet)
HPRegen  0.00/turn              (no ring)
MPRegen  0.08/turn              (no ring)

@: no status effects
A: claws 1, cold resistance 1, negative energy resistance 3, inhibited
regeneration, torment resistance 2, unbreathing 1
a: Renounce Religion, Depart the Abyss


You were on level 2 of the Dungeon.
You worshipped Lugonu.
Lugonu was aware of your devotion.
You visited 1 branch of the dungeon, and saw 2 of its levels.
You visited the Abyss 1 time.

You collected 23 gold pieces.

Inventory:

Missiles
 i - 16 poisoned darts
Armour
 e - a +0 scale mail (worn)
Scrolls
 c - a scroll of noise {unknown}
 d - a scroll of random uselessness {unknown}
 f - a scroll of identify {unknown}
Potions
 a - a potion of brilliance {unknown}
 b - a potion of cancellation {unknown}
 g - a potion of resistance {unknown}
 h - a potion of lignification {unknown}
 j - a potion of mutation {unknown}
 k - a potion of flight {unknown}


   Skills:
 - Level 3.2 Fighting
 - Level 1.7 Armour
 - Level 0.8 Dodging
 + Level 3.9 Unarmed Combat
 - Level 2.0 Invocations


You had 2 spell levels left.
You didn't know any spells.
Your spell library was empty.

Dungeon Overview and Level Annotations

Branches:
Dungeon (2/15)

Altars:

Annotations:
D:2 Terence


Innate Abilities, Weirdness & Mutations

You thrive by killing the living.
You are immune to poison.
You have sharp fingernails.
Your flesh is cold resistant. (rC+)
You are immune to negative energy. (rN+++)
You do not regenerate when monsters are visible.
You are immune to unholy pain and torment.
You can survive without breathing.


Message History

Your scale mail prevents you from hitting the hobgoblin.
The hobgoblin is heavily wounded.
The hobgoblin barely misses you.
Terence zaps a wand.
The puff of flame hits you.
The hobgoblin hits you but does no damage.
You climb upwards.
There is a stone staircase leading down, spattered with blood here.
Things that are here:
a jackal corpse; a jackal corpse You claw the hobgoblin!
You kill the hobgoblin!
Lugonu accepts your kill.
You feel better.
k - a viscous amethyst potion
There is a stone staircase leading down, spattered with blood here.
Things that are here:
a jackal corpse; a jackal corpse You start resting.
HP restored.
You climb downwards.
Level annotation: Terence
There is a stone staircase leading up here.
You see here a +0 club.
Terence completely misses you.
Things that are here:
a +0 club; a hobgoblin corpse You barely miss Terence.
Terence zaps a wand.
The puff of flame hits you!
You scratch Terence but do no damage. Terence barely misses you.
You scratch Terence but do no damage. Terence hits you with a +0 flail.
You closely miss Terence. Terence hits you but does no damage.
You scratch Terence but do no damage. Terence hits you with a +0 flail!
* * * LOW HITPOINT WARNING * * *
You scratch Terence.
Terence is lightly wounded.
Terence hits you with a +0 flail.
* * * LOW HITPOINT WARNING * * *
You scratch Terence but do no damage.
Terence is lightly wounded.
Terence hits you with a +0 flail.
You die...

######### .
#...[.<.# ..
#....)..#
...
#...@...#
....
#..@†...#
.....
##..#####
......###..#
...........#
......##.###
..... #..#
.... #.##
.........#


You could see Terence.

Vanquished Creatures
  2 leopard geckos (D:1)
  4 bats (D:1)
  2 giant cockroaches (D:1)
  5 hobgoblins
  2 jackals (D:1)
  A kobold (D:1)
  3 frilled lizards (D:1)
  8 rats
27 creatures vanquished.

Vanquished Creatures (others)
  A giant cockroach (D:1)
1 creature vanquished.

Grand Total: 28 creatures vanquished

Notes
Turn   | Place    | Note
-------+----------+-------------------------------------------
     0 | Abyss:1  | PentaManta the Ghoul Abyssal Knight began the quest for the
                  | Orb.
     0 | Abyss:1  | Reached XP level 1. HP: 19/19 MP: 1/1
    36 | Abyss:1  | Noticed a rust devil
    52 | Abyss:1  | Noticed a tentacled starspawn
    57 | D:1      | Escaped the Abyss
   421 | D:1      | Reached XP level 2. HP: 24/26 MP: 2/2
   623 | D:1      | Reached * piety under Lugonu
   935 | D:2      | Noticed Terence
   955 | D:1      | Reached XP level 3. HP: 20/31 MP: 3/3
  1094 | D:2      | Slain by Terence

Illustrated notes

Levels and vault maps discovered:
D:1:      amcnicky_arrival_abandoned_market, layout_loops_ring,
          hangedman_abyss_or_decor_stabs, grunt_decor_mini_mirrors,
          lemuel_old_faithful
D:2:      layout_rooms, nicolae_ru_great_annihilating_truth,
          nicolae_overflow_crystal_walls, gammafunk_temple_overflow_pools,
          trog_butcher_becter, uniq_terence

Skill      XL: |  1 |
---------------+----+-----
Unarmed Combat | 3 |  3.9
Fighting       | |  3.2
Armour         | |  1.7
Dodging        | |  0.8
Invocations    | |  2.0

Action                   || total
-------------------------++-------
Melee: Unarmed           ||    78
Invok: Depart the Abyss  ||     1
Armor: Scale mail        ||    42
       Ring mail         ||     1
Dodge: Dodged            ||    46

Table legend: (Time is in decaauts)
 A = Elapsed time spent in this place.
 B = Non-inter-level travel time spent in this place.
 C = Inter-level travel time spent in this place.
 D = Time resting spent in this place.
 E = Time spent auto-exploring this place.
 F = Levels seen in this place.
 G = Mean time per level.
                   A        B        C        D        E       F      G
               +--------+--------+--------+--------+--------+-----+--------+
         Total |   1092 |   1061 |     31 |    105 |    685 |   3 |  364.0 |
       Dungeon |   1034 |   1003 |     31 |    105 |    683 |   2 |  517.0 |
         Abyss |     58 |     58 |      0 |      0 |      2 |   1 |   58.0 |
               +--------+--------+--------+--------+--------+-----+--------+

Top non-repeatable levels by time:
     D:1: 983 daAuts
 Abyss:1: 58 daAuts
     D:2: 50 daAuts
